 Dungeon Crawl Stone Soup version 0.21.1-1-g345015fe64 (webtiles) character file.

306 Arth the Skirmisher (level 6, -8/56 HPs)
             Began as a Hill Orc Fighter on July 28, 2018.
             Killed from afar by Ijyb (14 damage)
             ... with a wand of acid (6)
             ... on level 3 of the Dungeon.
             The game lasted 00:19:21 (3676 turns).

Arth the Skirmisher (Hill Orc Fighter)              Turns: 3676, Time: 00:19:22

Health: -8/56      AC: 10    Str: 21    XL:     6   Next: 39%
Magic:  6/6        EV:  7    Int:  8    God:
Gold:   198        SH: 11    Dex: 10    Spells: 5/5 levels left

rFire    + + .     SeeInvis .   a - +1 war axe
rCold    x . .     Gourm    .   l - +2 shield
rNeg     . . .     Faith    .   f - +1 fire dragon scales
rPois    .         Spirit   .   (no helmet)
rElec    .         Reflect  .   (no cloak)
rCorr    .         Harm     .   (no gloves)
MR       +....                  (no boots)
Stlth    ..........             (no amulet)
HPRegen  0.18/turn              j - ring of protection from magic
MPRegen  0.10/turn              k - ring of stealth

@: no status effects
A: no striking features
a: no special abilities


You were on level 3 of the Dungeon.
You were not hungry.

You visited 1 branch of the dungeon, and saw 5 of its levels.

You collected 198 gold pieces.

Inventory:

Hand Weapons
 a - a +1 war axe (weapon)
Armour
 b - a +0 scale mail
 c - a +0 shield
 f - +1 fire dragon scales (worn)
 l - a +2 shield (worn)
Jewellery
 j - a ring of protection from magic (left hand)
 k - a ring of stealth (right hand)
Wands
 m - a wand of acid (10)
Scrolls
 e - a scroll of immolation {unknown}
 i - 4 scrolls of remove curse
 n - a scroll of acquirement {unknown}
Comestibles
 g - 5 rations
 h - 2 chunks of flesh


   Skills:
 + Level 5.2 Fighting
 + Level 4.8 Axes
 + Level 4.7 Armour
 + Level 4.7 Shields


You had 5 spell levels left.
You didn't know any spells.

Dungeon Overview and Level Annotations

Branches:
Dungeon (5/15)
 Temple: D:4-7

Altars:

Annotations:
D:3 Ijyb; kalosz4's ghost, amateur GnWn


Message History

* * * LOW HITPOINT WARNING * * *
There is a stone staircase leading up here.
You can't go down here!
The ogre hits you with a giant spiked club!
* * * LOW HITPOINT WARNING * * *
You climb upwards.
There is a stone staircase leading down here.
Things that are here:
a robe; a dagger; a glowing leather armour You block the ogre's attack.
There is a stone staircase leading up here.
You see here 2 tomahawks.
You block the ogre's attack.
You climb upwards.
Level annotation: Ijyb; kalosz4's ghost, amateur GnWn Kalosz4's ghost turns its malevolent gaze towards you.
Ijyb zaps a wand.
The bolt of acid misses you. Ijyb screams, "Me stronger than you!"
Ijyb zaps a wand.
The bolt of acid hits you!
You die...

........... #.##
##......)<.W. .... ..
.....#.#### ##... . .##
#. ...#$# #. #..#g#
#.###. #....# #.#... #
#.?#.##### #.#...
##.$##.@O.....# #.#...
........#...... (...
##(.###W#.###.##.####...
#. #........h........ #
#..###..##.#####<.
#..###..# #...........w
#.......###.....#####†#
#.####......## ######.#
#.#..#..###....w..


You could see an ogre, Ijyb and kalosz4's ghost.

Vanquished Creatures
  Blork the orc (D:4)
  A scorpion (D:4)
  An iguana (D:4)
  2 orc wizards (D:4)
  A hound skeleton (D:4)
  An adder skeleton (D:4)
  A dart slug (D:1)
  4 worms
  2 leopard geckos
  6 orcs
  3 giant cockroaches
  9 goblins
  7 hobgoblins
  11 jackals
  8 kobolds
  A quokka (D:4)
  7 bats
  3 frilled lizards
  A jackal skeleton (D:4)
  8 rats
78 creatures vanquished.

Notes
Turn   | Place    | Note
-------+----------+-------------------------------------------
     0 | D:1      | Arth the Hill Orc Fighter began the quest for the Orb.
     0 | D:1      | Reached XP level 1. HP: 19/19 MP: 1/1
   325 | D:1      | Reached XP level 2. HP: 27/27 MP: 2/2
   519 | D:1      | Reached skill level 4 in Fighting
   707 | D:1      | Reached XP level 3. HP: 33/33 MP: 3/3
  1610 | D:2      | Reached XP level 4. HP: 40/40 MP: 4/4
  1898 | D:2      | Found a faded altar of an unknown god.
  1963 | D:3      | Noticed kalosz4's ghost (amateur GnWn)
  2057 | D:3      | Noticed Ijyb
  2274 | D:4      | Reached XP level 5. HP: 32/47 MP: 5/5
  2911 | D:4      | Noticed Blork the orc
  2966 | D:4      | Killed Blork the orc
  2966 | D:4      | Reached skill level 5 in Fighting
  2966 | D:4      | Reached XP level 6. HP: 33/56 MP: 6/6
  3516 | D:5      | Entered Level 5 of the Dungeon
  3676 | D:3      | Killed from afar by Ijyb

Skill      XL: |  1  2  3  4  5 |
---------------+----------------+-----
Axes           | 3 4 |  4.8
Fighting       | 4 5 |  5.2
Armour         | 4 |  4.7
Shields        | 4 |  4.7

Action                   |  1- 3 |  4- 6 || total
-------------------------+-------+-------++-------
Melee: War axe           |   192 |   153 ||   345
Evoke: Wand              |       |     1 ||     1
  Use: Potion            |     3 |     6 ||     9
       Scroll            |     3 |     3 ||     6
 Stab: Distracted        |     1 |       ||     1
  Eat: Ration            |     1 |     2 ||     3
Armor: Scale mail        |    90 |    42 ||   132
       Fire dragon scale |       |    32 ||    32
Dodge: Dodged            |    68 |    45 ||   113
Block: Shield            |    92 |   100 ||   192
